 Dungeon Crawl Stone Soup version 0.29-a0-664-gff9cad4a3d (webtiles) character file.

Game seed: 5951674173934139108

28 dolemite99 the Skirmisher (level 3, 0/35 HPs)
             Began as a Gnoll Wanderer on June 23, 2022.
             Slain by Jessica
             ... wielding a +0 dagger
              (3 damage)
             ... on level 2 of the Dungeon.
             The game lasted 00:01:44 (1412 turns).

dolemite99 the Skirmisher (Gnoll Wanderer)          Turns: 1412, Time: 00:01:44

Health: 0/35       AC:  3    Str:  9    XL:     3   Next: 14%
Magic:  3/7        EV: 11    Int: 14    God:
Gold:   52         SH:  0    Dex: 12    Spells: 6/7 levels left

rFire   . . .      SeeInvis .   a - +1 short sword
rCold   . . .      Faith    .   (no shield)
rNeg    . . .      Spirit   .   c - +0 robe
rPois   .          Reflect  .   i - +0 helmet
rElec   .          Harm     .   (no cloak)
rCorr   .          Rampage  .   (no gloves)
Will    .....                   (no boots)
Stlth   ++........              (no amulet)
HPRegen 0.11/turn               (no ring)
MPRegen 0.10/turn               (no ring)

@: no status effects
A: fangs 1, strong nose, distributed training
a: no special abilities


You were on level 2 of the Dungeon.
You visited 1 branch of the dungeon, and saw 2 of its levels.

You collected 52 gold pieces.

Inventory:

Hand Weapons
 a - a +1 short sword (weapon)
 j - a +0 short sword
 k - a +0 hunting sling
Armour
 c - a +0 robe (worn)
 i - a +0 helmet (worn)
Scrolls
 d - 2 scrolls of identify {unknown}
 e - a scroll of enchant armour {unknown}
 f - a scroll of magic mapping {unknown}
 g - a scroll of summoning {unknown}
 h - a scroll of noise {unknown}
Potions
 b - a potion of might
 l - 2 potions of heal wounds {unknown}
 m - a potion of magic {unknown}
 n - a potion of flight {unknown}


   Skills:
 + Level 6.5 Fighting
 + Level 2.5 Short Blades
 + Level 0.6 Long Blades
 + Level 0.6 Axes
 + Level 0.6 Maces & Flails
 + Level 0.6 Polearms
 + Level 0.6 Staves
 + Level 0.6 Slings
 + Level 0.6 Bows
 + Level 0.6 Crossbows
 + Level 0.6 Throwing
 + Level 0.6 Armour
 + Level 0.6 Dodging
 + Level 2.3 Stealth
 + Level 0.6 Shields
 + Level 0.6 Unarmed Combat
 + Level 2.8 Spellcasting
 + Level 0.4 Conjurations
 + Level 0.4 Hexes
 + Level 0.4 Summonings
 + Level 0.4 Necromancy
 + Level 0.4 Translocations
 + Level 0.4 Transmutations
 + Level 5.4 Fire Magic
 + Level 0.4 Ice Magic
 + Level 0.4 Air Magic
 + Level 0.4 Earth Magic
 + Level 0.4 Poison Magic
 + Level 0.8 Invocations
 + Level 2.5 Evocations


You had 6 spell levels left.
You knew the following spells:

 Your Spells              Type           Power      Damage    Failure   Level
a - Foxfire               Conj/Fire      40%        2x1d6     7%          1

Your spell library contained the following spells:

 Spells                   Type           Power      Damage    Failure   Level
 Conjure Flame            Conj/Fire      10%        6-21      21%         3
 Static Discharge         Conj/Air       3%         N/A       26%         2
 Flame Wave               Conj/Fire      10%        2d5       54%         4
 Lightning Bolt           Conj/Air       1%         1d12      99%         5
 Maxwell's Capacitive Co  Air            1%         ∞         100%        8


Dungeon Overview and Level Annotations

Branches:
Dungeon (2/15)

Altars:

Annotations:
D:2 Jessica


Innate Abilities, Weirdness & Mutations

You have very sharp teeth.
Your uncanny sense of smell can sniff out nearby items.
Your experience applies equally to all skills.


Message History

Jessica attacks as you move away! Jessica hits you but does no damage.
Casting: Foxfire (safe; 7% risk of failure)
Confirm with . or Enter, or press ? or * to list all spells.
You conjure some foxfire!
Jessica points at you and mumbles some strange words.
Pain shoots through your body! Jessica closely misses you.
Jessica closely misses you.
Your foxfire dissipates!
Jessica attacks as you move away! Jessica hits you with a +0 dagger.
Jessica gestures wildly while chanting.
Jessica blinks!
The kobold throws a stone.
The stone hits you but does no damage.
Casting: Foxfire (safe; 7% risk of failure)
Confirm with . or Enter, or press ? or * to list all spells.
You conjure some foxfire!
Jessica mumbles some strange words.
Jessica seems to speed up.
The foxfire hits the kobold.
The kobold is severely wounded.
You feel yourself speed up.
The foxfire hits the kobold.
You kill the kobold!
Jessica gestures at you while chanting.
You barely resist.
Jessica shouts, "You're disturbing me!
I'll have to kill you!"
Casting: Foxfire (safe; 7% risk of failure)
Confirm with . or Enter, or press ? or * to list all spells.
You conjure some foxfire!
Jessica hits you but does no damage. Jessica hits you with a +0 dagger.
Jessica hits you with a +0 dagger.
Your foxfire dissipates!
Jessica gestures at you while chanting. You resist with some effort.
Jessica attacks as you move away! Jessica hits you with a +0 dagger.
* * * LOW HITPOINT WARNING * * *
Casting: Foxfire (safe; 7% risk of failure)
Confirm with . or Enter, or press ? or * to list all spells.
You conjure some foxfire!
Jessica hits you with a +0 dagger!
* * * LOW HITPOINT WARNING * * *
Jessica hits you with a +0 dagger.
You die...

###########
#......)..#
#.#######.#
#. #.# #.
#.# #. #@#
#. #@# ..
#v# .# #.#
#.# #.# .
#.# #.
####.# #..
#....# ..
#.####


You could see Jessica (fast, ally target).

Vanquished Creatures
  A dart slug (D:1)
  A ball python (D:1)
  An endoplasm (D:1)
  4 giant cockroaches (D:1)
  4 hobgoblins (D:1)
  2 jackals (D:1)
  A quokka (D:1)
  4 frilled lizards (D:1)
  5 kobolds
  A rat (D:1)
24 creatures vanquished.

Vanquished Creatures (others)
  47 foxfires
47 creatures vanquished.

Grand Total: 71 creatures vanquished

Notes
Turn   | Place    | Note
-------+----------+-------------------------------------------
     0 | D:1      | dolemite99 the Gnoll Wanderer began the quest for the Orb.
     0 | D:1      | dolemite99 set off with the following items: a +1 short
                  | sword, a potion of might, a +0 robe; and the following
                  | spell memorised: Foxfire; and the following spells
                  | available to memorise: Conjure Flame, Flame Wave.
     0 | D:1      | Reached XP level 1. HP: 23/23 MP: 4/4
   231 | D:1      | Reached XP level 2. HP: 26/29 MP: 2/5
   956 | D:1      | Reached XP level 3. HP: 31/35 MP: 5/7
  1390 | D:2      | Noticed Jessica
  1412 | D:2      | Slain by Jessica

Illustrated notes

Levels and vault maps discovered:
D:1:      nicolae_arrival_memento_mori, layout_basic
D:2:      layout_basic, serial_shops, nicolae_shop_hallway_stairs,
          minmay_misc_feat_enclosed, uniq_natasha, uniq_jessica

Action                   || total
-------------------------++-------
Melee: Short sword       ||    19
       Bite              ||     1
       Punch             ||     1
 Cast: Foxfire           ||    33
 Stab: Sleeping          ||     1
Armor: Robe              ||    17
Dodge: Dodged            ||    25

Table legend: (Time is in decaauts)
 A = Elapsed time spent in this place.
 B = Non-inter-level travel time spent in this place.
 C = Inter-level travel time spent in this place.
 D = Time resting spent in this place.
 E = Time spent auto-exploring this place.
 F = Levels seen in this place.
 G = Mean time per level.
                   A        B        C        D        E       F      G
               +--------+--------+--------+--------+--------+-----+--------+
         Total |   1417 |   1372 |     45 |     31 |   1011 |   2 |  708.5 |
       Dungeon |   1417 |   1372 |     45 |     31 |   1011 |   2 |  708.5 |
               +--------+--------+--------+--------+--------+-----+--------+

Top non-repeatable levels by time:
     D:1: 1334 daAuts
     D:2: 82 daAuts
